AoeStats
← Overlord

Golden Pit

503373975Analyzed
1v1 RM · 1mo ago on Aug 31, 2026· 57m 53s· 2 players
Game mode
Random Map
Map size
Tiny (2 player)
Population
200
Speed
Normal
Resources
Standard
Victory
Conquest
Starting age
Dark Age
Ending age
Imperial Age
RankedLock teamsTeams togetherTeam positionsShared explorationLock speedFull tech treeHidden civsTurbo modeCheats
Victory
Defeat
🇦🇺 Mongols · Australia
746
+16
🇩🇪 Portuguese · Germany
738
-16
Otter
15:41 Feudal Age
13:56 Loom
16:12 Double-Bit Axe
16:09 Horse Collar
16:21 Gold Mining
16:22 Stone Mining
18:51 Wheelbarrow
18:40 Bloodlines
21:55 Castle Age
20:17 Scale Barding Armor
21:58 Fletching
23:12 Forging
23:02 Scale Mail Armor
23:58 Hand Cart
24:20 Town Watch
26:58 Bow Saw
26:49 Bodkin Arrow
29:01 Stone Shaft Mining
30:42 Murder Holes
33:48 Imperial Age
31:23 Padded Archer Armor
31:59 Iron Casting
31:58 Ballistics
34:05 Heavy Plow
35:34 Chemistry
44:40 Bombard Tower
46:50 Siege Engineers
50:58 Bracer
53:53 Elite Skirmisher
57:24 Leather Archer Armor
Overlord
6:30 Loom
9:48 Feudal Age
10:17 Double-Bit Axe
20:14 Castle Age
19:19 Gold Mining
22:01 Wheelbarrow
21:39 Bow Saw
21:54 Stone Mining
23:19 Horse Collar
24:51 Fletching
25:08 Scale Barding Armor
28:32 Hand Cart
32:12 Imperial Age
31:11 Town Watch
33:15 Padded Archer Armor
33:11 Bodkin Arrow
37:59 Bracer
38:14 Leather Archer Armor
38:11 Forging
41:56 Elite Mangudai
45:08 Leather Archer Armor
45:13 Chain Barding Armor
45:19 Ballistics
46:06 Iron Casting
48:37 Light Cavalry
49:28 Bloodlines
50:47 Blast Furnace
51:11 Heavy Plow
51:14 Hussar
56:48 Conscription
57:50 Gold Shaft Mining
Connection lost

Rejoining the realm…

Still unreachable

The connection could not be restored.

Session expired

The server has moved on; the page needs a fresh start.